 Dungeon Crawl Stone Soup version 0.25-a0-404-gc1b5a34292 (webtiles) character file.

Game seed: 14032659905463718746, levelgen mode: deterministic

35 Jerej03 the Grave Robber (level 3, 0/19 HPs)
             Began as a Vampire Necromancer on Jan 11, 2020.
             Slain by an adder (1 damage)
             ... on level 2 of the Dungeon.
             The game lasted 00:09:22 (871 turns).

Jerej03 the Grave Robber (Vampire Necromancer)       Turns: 871, Time: 00:09:22

Health: 0/19       AC:  4    Str:  8    XL:     3   Next: 16%
Magic:  1/6        EV: 13    Int: 17    God:
Gold:   78         SH:  0    Dex: 14    Spells: 4/6 levels left

rFire    . . .     SeeInvis +   b - +1 dagger
rCold    + + .     Gourm    .   (no shield)
rNeg     + + +     Faith    .   a - +0 robe
rPois    ∞         Spirit   .   (no helmet)
rElec    .         Reflect  .   (no cloak)
rCorr    .         Harm     +   h - +1 pair of gloves
MR       .....                  (no boots)
Stlth    +++.......             c - amulet of harm
HPRegen  0.00/turn              d - ring of attention (curse)
MPRegen  0.10/turn              (no ring)

@: lethally poisoned (0 -> 0), bloodless
A: no food, fangs 3, see invisible, unbreathing
a: Bat Form, Revivify


You were on level 2 of the Dungeon.
You were bloodless.

You visited 1 branch of the dungeon, and saw 2 of its levels.

You collected 78 gold pieces.

Inventory:

Hand Weapons
 b - a +1 dagger (weapon)
Armour
 a - a +0 robe (worn)
 h - a +1 pair of gloves (worn)
Jewellery
 c - an amulet of harm (around neck)
 d - a cursed ring of attention (left hand)
Scrolls
 e - a scroll of fear {unknown}
 i - a scroll of magic mapping


   Skills:
 + Level 0.1 Fighting
 + Level 2.3 Dodging
 + Level 3.2 Stealth
 + Level 2.3 Spellcasting
 + Level 5.1 Necromancy


You had 4 spell levels left.
You knew the following spells:

 Your Spells              Type           Power        Failure   Level  Hunger
a - Pain                  Necr           ###.         2%          1    N/A
b - Animate Skeleton      Necr           N/A          2%          1    N/A

Your spell library contained the following spells:

 Spells                   Type           Power        Failure   Level  Hunger
 Vampiric Draining        Necr           ###.......   7%          3    N/A
 Animate Dead             Necr           N/A          22%         4    N/A
 Agony                    Necr           ###.....     52%         5    N/A

Dungeon Overview and Level Annotations

Branches:
Dungeon (2/15)

Altars:


Innate Abilities, Weirdness & Mutations

You do not eat.
You do not regenerate when monsters are visible.
You are frail without blood (-20% HP).
You can heal yourself when you bite living creatures.
You are immune to poison.
You have razor-sharp teeth.
You have supernaturally acute eyesight. (SInv)
You can survive without breathing.


Message History

The jackal barely misses you. The adder closely misses you.
The jackal misses you.
Casting: Pain (safe; 2% risk of failure)
Confirm with . or Enter, or press ? or * to list all spells.
Aiming: Pain (safe; 2% risk of failure)
Press: ? - help, Shift-Dir - straight line, f - jackal
Aim: a jackal (chance to defeat MR: 89%)
The jackal writhes in agony.
You kill the jackal!
The adder closely misses you.
You hit the adder. Your bite misses the adder.
The adder is moderately wounded.
The adder bites you.
* * * LOW HITPOINT WARNING * * *
The adder misses you.
You miss the adder.
The adder is moderately wounded.
The adder bites you.
You die...

#....(....### ###
#.# ########.##
#.# #.###########
#.# #.#.........#
#.# #l....##.##.#
#.#
#...%.##.##.####.#
#.....##.........#
#Sh...#####.######
#@..........#
#############


You could see an adder, a leopard gecko and a jackal.

Vanquished Creatures
  An ooze (D:1)
  2 giant cockroaches
  4 goblins (D:1)
  4 hobgoblins
  6 jackals
  4 kobolds
  A frilled lizard (D:1)
  3 rats (D:1)
25 creatures vanquished.

Vanquished Creatures (collateral kills)
  A bat (D:1)
  A frilled lizard (D:1)
  A rat (D:1)
3 creatures vanquished.

Grand Total: 28 creatures vanquished

Notes
Turn   | Place    | Note
-------+----------+-------------------------------------------
     0 | D:1      | Jerej03 the Vampire Necromancer began the quest for the
                  | Orb.
     0 | D:1      | Reached XP level 1. HP: 13/13 MP: 3/3
    41 | D:1      | Learned a level 1 spell: Animate Skeleton
   164 | D:1      | Reached XP level 2. HP: 19/19 MP: 3/5
   377 | D:1      | Reached skill level 5 in Necromancy
   825 | D:2      | Reached XP level 3. HP: 24/24 MP: 6/6
   871 | D:2      | Slain by an adder

Levels and vault maps discovered:
D:1:      elethiomel_arrival_infinity_welcomes_careful_drivers, layout_basic,
          minmay_fountain_box
D:2:      layout_loops_cross, first_ration, uniq_natasha

Skill      XL: |  1  2 |
---------------+-------+-----
Necromancy     | 5 |  5.1
Fighting       | |  0.1
Dodging        | |  2.3
Stealth        | |  3.2
Spellcasting   | |  2.3

Action                   || total
-------------------------++-------
Melee: Dagger            ||    41
       Unarmed           ||     8
       Bite              ||     3
 Cast: Pain              ||    20
       Animate Skeleton  ||     9
 Abil: Exsanguinate      ||     1
  Use: Scroll            ||     3
       Potion            ||     1
 Stab: Sleeping          ||     2
Armor: Robe              ||    39
Dodge: Dodged            ||    67

Table legend:
 A = Non-vault XP
 B = Vault XP
 C = Vault XP percentage of total XP
 D = Non-vault monster count
 E = Vault monster count
 F = Vault count percentage of total count
                 A         B        C        D         E       F
            +---------+---------+-------+---------+---------+-------
      Total |      50 |       0 |   0.0 |      28 |       0 |   0.0
            +---------+---------+-------+---------+---------+-------
        D:1 |      37 |       0 |   0.0 |      21 |       0 |   0.0
        D:2 |      13 |       0 |   0.0 |       7 |       0 |   0.0
            +---------+---------+-------+---------+---------+-------
